 Dungeon Crawl Stone Soup version 0.21.1 (webtiles) character file.

31 Inectha the Shooter (level 3, -5/29 HPs)
             Began as a Centaur Hunter on Feb 4, 2018.
             Shot with an arrow by a centaur (7 damage)
             ... on level 3 of the Dungeon.
             The game lasted 00:18:18 (1664 turns).

Inectha the Shooter (Centaur Hunter)                Turns: 1664, Time: 00:18:19

Health: -5/29      AC:  5    Str: 14    XL:     3   Next: 7%
Magic:  3/3        EV:  9    Int: 10    God:
Gold:   155        SH:  0    Dex: 10    Spells: 2/2 levels left

rFire    . . .     SeeInvis .   a - +3 shortbow
rCold    . . .     Gourm    .   (shield currently unavailable)
rNeg     . . .     Faith    .   c - +1 leather armour
rPois    .         Spirit   .   (no helmet)
rElec    .         Reflect  .   (no cloak)
rCorr    .         Harm     .   (no gloves)
MR       .....                  (no barding)
Stlth    +.........             (no amulet)
HPRegen  0.09/turn              (no ring)
MPRegen  0.08/turn              (no ring)

@: very quick
A: large, hooves 3, deformed body, speed 2, tough skin 3
a: no special abilities


You were on level 3 of the Dungeon.
You were hungry.

You visited 1 branch of the dungeon, and saw 3 of its levels.

You collected 155 gold pieces.

Inventory:

Hand Weapons
 a - a +3 shortbow (weapon)
 b - a +0 short sword
Missiles
 d - 29 arrows (quivered)
Armour
 c - a +1 leather armour (worn)
Jewellery
 g - an uncursed ring of see invisible {unknown}
 m - an uncursed ring of positive energy {unknown}
Wands
 n - a wand of enslavement (18)
Scrolls
 e - 2 scrolls of fear
Potions
 h - 2 potions of agility {unknown}
 i - a potion of heal wounds {unknown}
 k - a potion of might {unknown}
 l - 3 potions of curing {unknown}
Comestibles
 f - 3 rations


   Skills:
 + Level 2.3 Fighting
 + Level 0.1 Short Blades
 + Level 6.3 Bows
 + Level 0.1 Armour
 + Level 1.4 Dodging
 + Level 0.5 Stealth


You had 2 spell levels left.
You didn't know any spells.

Dungeon Overview and Level Annotations

Branches:
Dungeon (3/15)

Altars:
Kikubaaqudgha
Ru

Annotations:
D:3 shakethe's ghost, amateur TrMo


Innate Abilities, Weirdness & Mutations

You have hooves in place of feet.
Armour fits poorly on your strangely shaped body.
You cover ground very quickly.
You have extremely tough skin. (AC +3)


Message History

Aim: a centaur, wielding a shortbow You shoot an arrow.
The arrow closely misses the centaur.
The centaur shoots an arrow.
The arrow hits you.
The centaur shoots an arrow.
The arrow hits you!
You see here an arrow.
The centaur shoots an arrow.
The arrow hits you but does no damage.
You see here an arrow.
The centaur shoots an arrow.
The arrow completely misses you.
The centaur shoots an arrow.
The arrow hits you!
* * * LOW HITPOINT WARNING * * *
You see here an arrow.
Shakethe's ghost (amateur Troll Monk) comes into view.
It is wielding a weapon of speed.
Firing (i - inventory):
d - 30 arrows (quivered)
Press: ? - help, Shift-Dir - straight line, f/p - centaur
Aim: a centaur, wielding a shortbow You shoot an arrow.
The arrow hits the centaur.
The centaur is moderately wounded.
The centaur shoots an arrow.
The arrow barely misses you.
The centaur shoots an arrow.
The arrow hits you!
You die...

+.. ### #.# #..# #..
.. #..# #.# ?. #..#
#.# .# #..###.# .#
+..(.#.###.##.#
##..(.(((cW...#
+._....###.(.....
#.@...## ..#.###
#.......# ..%..#
#......)...........
#...##.#...###..#...#
#............ .......
+.. ....>..###### ###
#. .##.....# #...
#.#.###


You could see a centaur.

Vanquished Creatures
  A leopard gecko (D:2)
  3 bats
  6 giant cockroaches (D:1)
  2 goblins
  6 hobgoblins
  A kobold (D:2)
  A quokka (D:2)
  A ball python (D:1)
  3 rats
24 creatures vanquished.

Notes
Turn   | Place    | Note
-------+----------+-------------------------------------------
     0 | D:1      | Inectha the Centaur Hunter began the quest for the Orb.
     0 | D:1      | Reached XP level 1. HP: 17/17 MP: 1/1
   186 | D:1      | Reached XP level 2. HP: 17/24 MP: 2/2
   404 | D:1      | Reached skill level 6 in Bows
   984 | D:2      | Found a sacrificial altar of Ru.
  1086 | D:2      | Reached XP level 3. HP: 24/29 MP: 3/3
  1648 | D:3      | Found an ancient bone altar of Kikubaaqudgha.
  1655 | D:3      | Noticed a centaur
  1663 | D:3      | Noticed shakethe's ghost (amateur TrMo)
  1664 | D:3      | Shot with an arrow by a centaur

Skill      XL: |  1  2 |
---------------+-------+-----
Bows           | 6 |  6.3
Fighting       | |  2.3
Short Blades   | |  0.1
Armour         | |  0.1
Dodging        | |  1.4
Stealth        | |  0.5

Action                   || total
-------------------------++-------
Melee: Short sword       ||    16
       Kick              ||     1
 Fire: Shortbow          ||    65
  Use: Scroll            ||     5
Armor: Leather armour    ||    11
Dodge: Dodged            ||    24
